 Dungeon Crawl Stone Soup version 0.19.1 (webtiles) character file.

116 XO4YCPATb the Magician (level 4, -3/24 HPs)
             Began as a Deep Elf Fire Elementalist on Dec 9, 2016.
             Slain by Scuka's ghost (5 damage)
             ... on level 3 of the Dungeon.
             The game lasted 00:05:35 (2243 turns).

XO4YCPATb the Magician (Deep Elf Fire Elementalist) Turns: 2243, Time: 00:05:35

Health: -3/24      AC:  2    Str:  5    XL:     4   Next: 69%
Magic:  1/12       EV: 13    Int: 26    God:
Gold:   129        SH:  0    Dex: 15    Spells: 2 memorised, 6 levels left

rFire  . . .     SeeInvis .     e - +0 spear
rCold  . . .     Gourm    .     a - +0 robe
rNeg   . . .     Faith    .     (no shield)
rPois  .         Spirit   .     (no helmet)
rElec  .         Reflect  .     (no cloak)
rCorr  .         Harm     .     (no gloves)
MR     .....                    (no boots)
Stlth  ++........               h - amulet of magic regeneration
                                (no ring)
                                (no ring)

@: brilliant, very slightly contaminated
A: no striking features
a: no special abilities


You were on level 3 of the Dungeon.
You were hungry.

You visited 1 branch of the dungeon, and saw 3 of its levels.

You collected 129 gold pieces.

Inventory:

Hand Weapons
 e - a +0 spear (weapon)
Armour
 a - a +0 robe (worn)
Jewellery
 h - an amulet of magic regeneration (around neck)
Scrolls
 f - 2 scrolls of immolation {unknown}
 g - 6 scrolls of identify {unknown}
 l - a scroll of amnesia {unknown}
 m - a scroll of recharging {unknown}
 o - a scroll of blinking {unknown}
 q - 2 scrolls of teleportation {unknown}
 r - a scroll of enchant weapon {unknown}
Potions
 d - a potion of heal wounds {unknown}
 i - a potion of brilliance
 n - a potion of flight {unknown}
 p - a potion of degeneration {unknown}
 s - a potion of haste {unknown}
Books
 b - a book of Flames

   Spells                             Type                      Level
   a - Flame Tongue                   Conjuration/Fire             1
   b - Throw Flame                    Conjuration/Fire             2
   c - Conjure Flame                  Conjuration/Fire             3
   d - Inner Flame                    Hexes/Fire                   3
   e - Sticky Flame                   Conjuration/Fire             4
   f - Fireball                       Conjuration/Fire             5
Comestibles
 c - a bread ration
 j - a meat ration
 k - 4 chunks of flesh


   Skills:
 - Level 2.4 Dodging
 - Level 2.4 Stealth
 + Level 4.2 Spellcasting
 * Level 3.6 Conjurations
 + Level 4.1 Fire Magic


You had 6 spell levels left.
You knew the following spells:

 Your Spells              Type           Power        Failure   Level  Hunger
a - Flame Tongue          Conj/Fire      #####        1%          1    None
b - Sticky Flame          Conj/Fire      #####...     2%          4    ####...


Dungeon Overview and Level Annotations

Branches:
Dungeon (3/15)

Altars:

Annotations:
D:3 Scuka's ghost, amateur CeHu


Message History

Aim: Scuka's ghost (severely damaged)
The flame tongue hits Scuka's ghost.
Scuka's ghost is severely damaged.
Scuka's ghost closely misses you.
Casting: Flame Tongue
Confirm with . or Enter, or press ? or * to list all spells.
Aiming: Flame Tongue
Press: ? - help, Shift-Dir - straight line, f/p - Scuka's ghost
Aim: Scuka's ghost (severely damaged)
The flame tongue hits Scuka's ghost.
Scuka's ghost appears unharmed.
Scuka's ghost is severely damaged.
Scuka's ghost hits you!
You are feeling hungry.
Scuka's ghost hits you. Scuka's ghost hits you!
* * * LOW HITPOINT WARNING * * *
It was a potion of brilliance.
You feel clever all of a sudden. Scuka's ghost hits you.
You die...

..... #.####.....g
#.##.#.....S
#.##....g...
#....#### #..).)..#
#.......#####...
#.##..<.......#
######@####..#######
#.......W..#).#
#.#####.......#
#.##.##.# #.......#
#. ####.#### ##.##
#.....[.# #...#
######.##.##.#
#...##
#.........##.#
#...#.


You could see Scuka's ghost.

Vanquished Creatures
  A worker ant (D:3)
  2 adders (D:3)
  An ooze (D:1)
  A worm (D:2)
  A dart slug (D:2)
  4 leopard geckos
  4 orcs (D:3)
  A giant cockroach (D:2)
  6 goblins
  3 hobgoblins
  8 jackals
  2 quokkas
  10 bats
  A frilled lizard (D:2)
  2 kobolds
  4 rats
51 creatures vanquished.

Notes
Turn   | Place    | Note
-------+----------+-------------------------------------------
     0 | D:1      | XO4YCPATb the Deep Elf Fire Elementalist began the quest for the Orb.
     0 | D:1      | Reached XP level 1. HP: 10/10 MP: 6/6
   281 | D:1      | Reached XP level 2. HP: 15/15 MP: 4/8
   846 | D:2      | Reached XP level 3. HP: 19/19 MP: 5/10
  1963 | D:3      | Reached XP level 4. HP: 24/24 MP: 9/11
  1981 | D:3      | Learned a level 4 spell: Sticky Flame
  2209 | D:3      | Noticed Scuka's ghost (amateur CeHu)
  2243 | D:3      | Slain by Scuka's ghost

Skill      XL: |  1  2  3  4 |
---------------+-------------+-----
Conjurations   | 2 3 |  3.6
Spellcasting   | 4 |  4.2
Fire Magic     | 4 |  4.1
Dodging        | |  2.4
Stealth        | |  2.4

Action                   |  1- 3 |  4- 6 || total
-------------------------+-------+-------++-------
Melee: Spear             |     8 |     1 ||     9
 Cast: Flame Tongue      |    74 |    21 ||    95
       Sticky Flame      |       |     2 ||     2
  Use: Potion            |       |     1 ||     1
  Eat: Chunk             |     3 |     1 ||     4
Armor: Robe              |    16 |     1 ||    17
Dodge: Dodged            |    38 |     6 ||    44
